Match 41713412
Unlisted

Match 41713412
End
Construct Section Command Post
Infantry Section
Vickers Machine Gun Team
Dingo Light Scout Car
Infantry Section
Construct Platoon Command Post
Selects Canadian Shock Battlegroup
Selects Attacking Spirit
Selects Offensive Resupply
Selects Canadian Shock Section
Canadian Shock Section
Construct Field Infirmary
Unlock Bishop Self-propelled Artillery
Infantry Training
Bishop Self-propelled Artillery
Canadian Shock Section
Infantry Section
6-pounder Anti-tank Gun Team
Selects Incendiary Munitions
Selects Pyrotechnics
Grenade Package
Construct Company Command Post
Unlock M3 Grant Medium Tanks
GochoARG
Cure Seraph
カルト_くん
U NOOB EZ
0
0

Comments sign in to comment!

No comments posted yet!